 Dungeon Crawl Stone Soup version 0.27.1-34-g3ba077fa99 (webtiles) character file.

Game seed: 14088412373962205680

2435 Delamore the Covert (level 9, -6/54 HPs)
             Began as an Octopode Brigand on Feb 1, 2022.
             Was an Initiate of Gozag.
             Mangled by a two-headed ogre (27 damage)
             ... on level 8 of the Dungeon.
             The game lasted 00:10:13 (10329 turns).

Delamore the Covert (Octopode Brigand)             Turns: 10329, Time: 00:10:14

Health: -6/54      AC:  5    Str: 11    XL:     9   Next: 49%
Magic:  18/18      EV: 13    Int: 13    God:    Gozag
Gold:   562        SH:  0    Dex: 16    Spells: 8/8 levels left

rFire    . . .     SeeInvis .   C - +1 short sword (vamp)
rCold    . . .     Faith    .   (no shield)
rNeg     . . .     Spirit   .   (helmet restricted)
rPois    .         Reflect  .   (no amulet)
rElec    .         Harm     .   n - ring of magical power
rCorr    .         Rampage  .   y - +4 ring of protection
Will     .....                  (no ring)
Stlth    ++++++....             (no ring)
HPRegen  0.18/turn              (no ring)
MPRegen  0.16/turn              (no ring)
                                (no ring)
                                (no ring)

@: no status effects
A: almost no armour, amphibious, 8 rings, camouflage 1, gelatinous body 1,
(nimble swimmer 1), tentacles
a: Renounce Religion, Potion Petition, Call Merchant, Bribe Branch


You were on level 8 of the Dungeon.
You worshipped Gozag.
Gozag was pleased with you.
You visited 1 branch of the dungeon, and saw 8 of its levels.

You collected 614 gold pieces.
You paid 52 gold pieces to Gozag.

Inventory:

Hand Weapons
 a - a +2 dagger
 h - a +0 rapier
 r - a +3 dagger
 s - a +1 dagger of draining
 C - a +1 vampiric short sword (weapon)
 D - a +3 dagger of draining
Missiles
 b - 20 poisoned darts (quivered)
 m - a throwing net
Armour
 o - a +0 kite shield
Jewellery
 n - a ring of magical power (left tentacle)
 y - a +4 ring of protection (right tentacle)
Wands
 u - a wand of flame (17)
 v - a wand of iceblast (7)
 z - a wand of polymorph (8)
Scrolls
 d - 2 scrolls of blinking
 e - 3 scrolls of enchant armour
 g - 6 scrolls of teleportation
 l - 2 scrolls of fear
 q - a scroll of identify
 x - a scroll of enchant weapon
 A - 2 scrolls of magic mapping
Potions
 f - 2 potions of heal wounds
 i - 9 potions of curing
 j - a potion of ambrosia {unknown}
 k - a potion of brilliance
 p - a potion of flight {unknown}
 t - a potion of attraction {unknown}
 w - a potion of invisibility {unknown}
 B - a potion of haste {unknown}


   Skills:
 - Level 2.0 Fighting
 + Level 9.4 Short Blades
 - Level 5.0 Throwing
 - Level 1.0 Dodging
 + Level 10.4 Stealth
 + Level 1.8 Shields
 + Level 2.1 Evocations


You had 8 spell levels left.
You didn't know any spells.
Your spell library contained the following spells:

 Spells                   Type           Power      Damage    Failure   Level
 Apportation              Tloc           0%         N/A       30%         1
 Beastly Appendage        Tmut           0%         N/A       30%         1
 Slow                     Hex            0%         N/A       43%         2
 Sublimation of Blood     Necr           0%         N/A       43%         2
 Wereblood                Tmut           0%         N/A       43%         2
 Confusing Touch          Hex            0%         N/A       67%         3
 Conjure Flame            Conj/Fire      0%         6-21      67%         3
 Gell's Gravitas          Tloc           0%         N/A       67%         3
 Ignite Poison            Fire/Tmut/Pois 0%         N/A       67%         3
 Lesser Beckoning         Tloc           0%         N/A       67%         3
 Spider Form              Tmut/Pois      0%         N/A       67%         3
 Teleport Other           Tloc           0%         N/A       67%         3
 Vampiric Draining        Necr           0%         2d6       67%         3
 Petrify                  Tmut/Erth      0%         N/A       97%         4
 Sticky Flame             Conj/Fire      0%         2d3       97%         4
 Alistair's Intoxication  Tmut/Pois      0%         N/A       100%        5
 Irradiate                Conj/Tmut      0%         3d14      100%        5
 Invisibility             Hex            0%         N/A       100%        6


Dungeon Overview and Level Annotations

Branches:
Dungeon (8/15)             Temple (0/1) D:7
   Lair: D:8-11

Altars:
Gozag
Hepliaklqana
Makhleb
Qazlal
Trog
The Shining One

Shops:
D:4 *


Innate Abilities, Weirdness & Mutations

You cannot wear most types of armour.
You are amphibious.
You can wear up to eight rings at the same time.
Your skin changes colour to match your surroundings (Stealth+).
Your rubbery body absorbs attacks. (AC +1, EV +1)
((You are camouflaged near water. (Stealth+)))
You have tentacles for arms and can constrict up to eight enemies at once.


Message History

The curare-tipped dart hits the two-headed ogre.
The two-headed ogre is poisoned.
The two-headed ogre convulses.
The two-headed ogre seems to slow down.
The two-headed ogre is heavily wounded.
You puncture the two-headed ogre!
You feel better.
The two-headed ogre is severely wounded.
You hit the two-headed ogre.
The two-headed ogre is severely wounded.
The two-headed ogre hits you with a +0 giant club!!
The two-headed ogre barely misses you.
You hit the two-headed ogre but do no damage.
The two-headed ogre is severely wounded.
You are too injured to fight recklessly!
Unknown command.
Throw: 23 darts (poison)
Press: ? - help, Q - select action, (/) - cycle Shift-Dir - straight line, f/p - two-headed ogre
Aim: a two-headed ogre, wielding two +0 giant clubs (severely wounded, poisoned, slow, 77% to hit)
You throw a poisoned dart.
The poisoned dart hits the two-headed ogre.
The two-headed ogre looks even sicker.
The two-headed ogre is severely wounded.
The two-headed ogre is no longer moving slowly.
Throw: 22 darts (poison)
Press: ? - help, Q - select action, (/) - cycle Shift-Dir - straight line, f/p - two-headed ogre
Aim: a two-headed ogre, wielding two +0 giant clubs (severely wounded, very poisoned, 77% to hit)
You throw a poisoned dart.
The poisoned dart hits the two-headed ogre.
The two-headed ogre looks even sicker.
The two-headed ogre is severely wounded.
A howler monkey comes into view.
Found 13 gold pieces.
Throw: 21 darts (poison)
Press: ? - help, Q - select action, (/) - cycle Shift-Dir - straight line, f/p - two-headed ogre
Aim: a two-headed ogre, wielding two +0 giant clubs (almost dead, very poisoned, 77% to hit)
You throw a poisoned dart.
The poisoned dart barely misses the two-headed ogre.
The two-headed ogre hits you with a +0 giant club!!
Ouch! That really hurt!
You die...
Your body crumbles into a pile of gold.

### ..# ..# ###
..# ... ..# .... #
.<+ ....h .# ..#
.....#######.###
.##
..........@....##
##
.........O..#...$.
#
.....##.....#..###
....
...............#
####
#######(#......# #
#.##.....# #
#.#......# # ###
####.#.#....# #
#.#
#.(......##.###


You could see a two-headed ogre (very poisoned).

Vanquished Creatures
  A vampire (D:8)
  A water moccasin (D:6)
  An ice beast (D:6)
  A sky beast (D:6)
  A black bear (D:4)
  2 necrophages
  3 ogres
  A centaur (D:6)
  A phantom (D:6)
  2 kobold brigands (D:8)
  3 scorpions
  A bullfrog (D:8)
  A wyvern skeleton (D:7)
  A howler monkey (D:5)
  2 centaur zombies (D:5)
  4 hounds
  3 jellies
  An orc priest (D:5)
  3 iguanas
  3 orc wizards
  A hound skeleton (D:5)
  A howler monkey zombie (D:7)
  2 howler monkey skeletons (D:6)
  5 adders
  18 gnolls
  2 shadow imps
  2 adder skeletons (D:4)
  A worm (D:2)
  5 dart slugs
  13 orcs
  4 ball pythons
  4 endoplasms
  4 giant cockroaches
  12 hobgoblins
  4 jackals (D:1)
  4 quokkas
  6 bats
  5 frilled lizards
  7 goblins
  12 kobolds
  A rat (D:1)
149 creatures vanquished.

Notes
Turn   | Place    | Note
-------+----------+-------------------------------------------
     0 | D:1      | Delamore the Octopode Brigand began the quest for the Orb.
     0 | D:1      | Reached XP level 1. HP: 14/14 MP: 1/1
   337 | D:1      | Reached XP level 2. HP: 18/19 MP: 2/2
   472 | D:1      | Reached skill level 6 in Stealth
   790 | D:1      | Reached XP level 3. HP: 20/24 MP: 3/3
  1081 | D:2      | Found a faded altar of an unknown god.
  1562 | D:2      | Reached XP level 4. HP: 29/29 MP: 4/4
  1566 | D:2      | Reached skill level 7 in Stealth
  1656 | D:3      | Found a burning altar of Makhleb.
  2936 | D:4      | Reached XP level 5. HP: 30/34 MP: 5/5
  2980 | D:4      | Reached skill level 8 in Stealth
  3015 | D:4      | Noticed an ogre
  3022 | D:4      | Killed an ogre
  3023 | D:4      | Reached XP level 6. HP: 39/39 MP: 6/6
  3036 | D:4      | Noticed a black bear
  3294 | D:4      | Reached skill level 9 in Stealth
  3513 | D:4      | Found Wepsob's Overcharged Wands.
  3927 | D:4      | Killed a black bear
  3928 | D:4      | Reached XP level 7. HP: 26/45 MP: 7/7
  4083 | D:4      | Reached skill level 10 in Stealth
  4187 | D:4      | Found a bloodstained altar of Trog.
  4621 | D:5      | Entered Level 5 of the Dungeon
  4636 | D:5      | Found an opulent altar of Gozag.
  4657 | D:5      | Became a worshipper of Gozag Ym Sagoz the Greedy
  4700 | D:5      | Reached skill level 5 in Short Blades
  5475 | D:5      | Reached XP level 8. HP: 42/50 MP: 8/8
  6952 | D:6      | Identified the +4 ring mail "Fomyh" {Str+4}
  7300 | D:6      | Reached skill level 5 in Throwing
  8190 | D:6      | Reached XP level 9. HP: 54/54 MP: 9/9
  9100 | D:7      | Found a staircase to the Ecumenical Temple.
  9177 | D:7      | Found a stormy altar of Qazlal.
  9531 | D:7      | Reached skill level 1 in Evocations
  9949 | D:8      | Found a glowing golden altar of the Shining One.
  9954 | D:8      | Reached skill level 1 in Shields
 10198 | D:8      | Found a hazy altar of Hepliaklqana.
 10199 | D:8      | Found a faded altar of an unknown god.
 10283 | D:8      | Noticed a two-headed ogre
 10329 | D:8      | Mangled by a two-headed ogre

Illustrated notes

Levels and vault maps discovered:
D:1:      dpeg_arrival_simpleton_c, layout_basic
D:2:      layout_rooms, hellmonk_ecumenical_altar_run_dry
D:3:      layout_basic, mainiacjoe_overflow_catwalk, st_stairs_8, minivault_27
D:4:      layout_cave_pools, trog_three_pillars_becter,
          nicolae_shop_overcharged_wands
D:5:      layout_loops_ring, nicolae_gozag_cash_rules_everything_around_me,
          wad_floor_pattern_untrapped
D:6:      layout_cave_pods
D:7:      layout_layer_cave, nicolae_qazlal_general_emergency,
          minmay_temple_entry_trees
D:8:      layout_basic, lemuel_crystal_altar,
          beargit_hepliaklqana_dungeon_heroes

Skill      XL: |  1  2  3  4  5  6  7  8  9 |
---------------+----------------------------+-----
Stealth        | 6 7 8 9 10 | 10.4
Short Blades   | 3 4 6 8 9 |  9.4
Throwing       | 3 5 |  5.0
Evocations     | 2 |  2.1
Shields        | 1 |  1.8
Fighting       | |  2.0
Dodging        | |  1.0

Action                   |  1- 3 |  4- 6 |  7- 9 || total
-------------------------+-------+-------+-------++-------
Melee: Dagger            |    73 |    95 |   198 ||   366
       Constrict         |    15 |    25 |    32 ||    72
       Tentacles         |    10 |    18 |    52 ||    80
       Short sword       |       |       |    25 ||    25
Throw: Dart              |       |    25 |    58 ||    83
  Use: Scroll            |       |     7 |     5 ||    12
       Potion            |       |       |     2 ||     2
 Stab: Sleeping          |    10 |    10 |    14 ||    34
       Distracted        |       |     1 |     3 ||     4
Armor: Skin              |    16 |     4 |     9 ||    29
Dodge: Dodged            |    40 |    59 |    87 ||   186
